 Dungeon Crawl Stone Soup version 0.27.1 (webtiles) character file.

Game seed: 15899068075169231513

91374 viper the Severer (level 15, -12/127 HPs)
             Began as a Palentonga Fighter on Aug 27, 2021.
             Was the Champion of Yredelemnul.
             Mangled by Aizul (31 damage)
             ... on level 1 of the Spider Nest.
             The game lasted 01:21:29 (32541 turns).

viper the Severer (Palentonga Fighter)             Turns: 32541, Time: 01:21:30

Health: -12/127    AC: 33    Str: 22    XL:     15   Next: 54%
Magic:  21/21      EV:  3    Int: 10    God:    Yredelemnul [******]
Gold:   2082       SH:  0    Dex: 12    Spells: 14/14 levels left

rFire    + + .     SeeInvis +   q - +6 broad axe (venom)
rCold    + + +     Faith    .   c - +3 kite shield
rNeg     . . .     Spirit   .   v - +9 scales of the Dragon King {rPois rF+ rC+ Will+}
rPois    +         Reflect  .   y - +0 helmet
rElec    .         Harm     .   (no cloak)
rCorr    .         Rampage  .   h - +0 pair of gloves
Will     ++...                  (no barding)
Stlth    ..........             D - amulet of magic regeneration
HPRegen  0.31/turn              f - ring of protection from cold
MPRegen  0.42/turn              x - ring of Pimamp {rPois rF+ SInv}

@: sleeping, curled up
A: large, rugged brown scales 3, see invisible, deformed body, roll 1, armoured
tail, reflexive curl, agile 1, cold resistance 1, weak 1
a: Rolling Charge, Renounce Religion, Recall Undead Slaves, Injury Mirror,
Animate Dead, Drain Life, Enslave Soul


You were on level 1 of the Spider Nest.
You worshipped Yredelemnul.
Yredelemnul was exalted by your worship.
You visited 5 branches of the dungeon, and saw 24 of its levels.

You collected 2202 gold pieces.
You spent 120 gold pieces at shops.

Inventory:

Hand Weapons
 a - a +2 war axe of flaming
 q - a +6 broad axe of venom (weapon)
Missiles
 k - 2 throwing nets
 n - 62 poisoned darts (quivered)
Armour
 b - a +0 scale mail
 c - a +3 kite shield (worn)
 e - a +4 ring mail
 h - a +0 pair of gloves (worn)
 s - a +1 chain mail
 v - the +9 scales of the Dragon King (worn) {rPois rF+ rC+ Will+}
   (You found it on level 6 of the Dungeon)

   rF:        It protects you from fire.
   rC:        It protects you from cold.
   rPois:     It protects you from poison.
   Will:      It increases your willpower.
 y - a +0 helmet (worn)
Jewellery
 f - a ring of protection from cold (left hand)
 p - a +4 ring of protection
 w - a ring of resist corrosion
 x - the ring of Pimamp (right hand) {rPois rF+ SInv}
   (You found it on level 7 of the Dungeon)

   [ring of see invisible]

   rF:        It protects you from fire.
   rPois:     It protects you from poison.
   SInv:      It lets you see invisible.
 C - a ring of protection from fire
 D - an amulet of magic regeneration (around neck)
 F - a ring of willpower
 I - a +6 ring of dexterity
 J - a ring of fire
 L - a ring of flight
 P - a ring of ice
Wands
 m - a wand of iceblast (4)
 t - a wand of acid (8)
 z - a wand of paralysis (22)
 A - a wand of mindburst (15)
 B - a wand of polymorph (15)
 G - a wand of digging (3)
 K - a wand of flame (43)
 Q - a wand of charming (8)
Scrolls
 g - 16 scrolls of identify
 i - 4 scrolls of fog
 j - 3 scrolls of magic mapping
 l - a scroll of noise {unknown}
 o - 8 scrolls of teleportation
 H - 3 scrolls of amnesia
Potions
 d - 2 potions of resistance
 r - 4 potions of might
 u - 6 potions of curing
 M - 2 potions of flight
 N - 3 potions of haste
 O - 9 potions of ambrosia


   Skills:
 + Level 11.5 Fighting
 + Level 16.4 Axes
 + Level 1.7 Throwing
 + Level 10.8 Armour
 + Level 2.4 Dodging
 + Level 1.6 Stealth
 + Level 10.0 Shields
 + Level 8.5 Invocations
 + Level 4.4 Evocations


You had 14 spell levels left.
You didn't know any spells.
Your spell library contained the following spells:

 Spells                   Type           Power      Damage    Failure   Level
 Animate Skeleton         Necr           0%         N/A       100%        1
 Apportation              Tloc           0%         N/A       100%        1
 Pain                     Necr           0%         1d4       100%        1
 Summon Small Mammal      Summ           0%         N/A       100%        1
 Call Canine Familiar     Summ           0%         N/A       100%        3
 Spider Form              Tmut/Pois      0%         N/A       100%        3
 Summon Guardian Golem    Hex/Summ       0%         N/A       100%        3
 Agony                    Necr           0%         N/A       100%        5
 Alistair's Intoxication  Tmut/Pois      0%         N/A       100%        5
 Excruciating Wounds      Necr           0%         N/A       100%        5
 Iskenderun's Battlesphe  Conj           0%         2d6       100%        5
 Dispersal                Tloc           0%         N/A       100%        6
 Invisibility             Hex            0%         N/A       100%        6
 Iron Shot                Conj/Erth      0%         9d1       100%        6
 Spellforged Servitor     Conj/Summ      0%         N/A       100%        7
 Disjunction              Tloc           0%         N/A       100%        8


Dungeon Overview and Level Annotations

Branches:
Dungeon (15/15)            Temple (1/1) D:4            Lair (6/6) D:8
 Shoals (0/4) Lair:3       Spider (1/4) Lair:2        Slime (1/5) Lair:5
    Orc (0/2) D:10         Vaults (0/5) D:14         Depths (0/5) D:15

Altars:
Ashenzari
Cheibriados
Dithmenos
Elyvilon
Fedhas
Gozag
Hepliaklqana
Kikubaaqudgha
Makhleb
Nemelex Xobeh
Okawaru
Qazlal
Ru
Sif Muna
Trog
Uskayaw
Vehumet
Wu Jian
Xom
Yredelemnul
Zin
The Shining One
Lugonu

Shops:
D:6 !   D:9 *   D:10 *   D:15 **!

Portals:
Abyss: D:3

Annotations:
D:6 3 runed translucent doors, Hydra2011's ghost, novice DsMo
D:7 1 runed translucent door, PeterMcNeter's ghost, novice OgTm
D:12 3 runed translucent doors, mavignon's ghost, journeyman GrMo
D:15 3 runed translucent doors, exclusion: obsidian statue, Uvinaotu's ghost, journeyman MiFi
Lair:6 2 runed translucent doors
Spider:1 Aizul; Roxanne


Innate Abilities, Weirdness & Mutations

You are completely covered in rugged brown scales. (AC +3, +7% HP)
You have supernaturally acute eyesight. (SInv)
Armour fits poorly on your strangely shaped body.
You can roll at nearby foes to attack.
You have a long armoured tail.
You curl defensively after being hit.
You are agile. (Dex +2)
Your flesh is cold resistant. (rC+)
You are weak. (Str -2)


Message History

You resist.
Your redback zombie closely misses Aizul.
Aizul hits your redback zombie!!
Your redback zombie is destroyed!
You feel extremely sick.
Something completely misses Aizul.
Aizul yawns, and then pretends she didn't.
Aizul hits your jumping spider zombie but does no damage.
Your jumping spider zombie pounces on Aizul!
Your jumping spider zombie closely misses Aizul.
You feel very sick.
Aizul hits something!!
Your orb spider zombie closely misses Aizul.
Aizul hits something!
You feel very sick.
Your orb spider zombie barely misses something.
Something hits your jumping spider zombie.
Your jumping spider zombie is destroyed!
You feel very sick.
You feel sick.
You feel very sick.
You feel sick.
You feel sick.
You feel sick.
You feel sick.
You feel sick.
You feel sick.
You feel sick.
You are no longer poisoned.
There are monsters nearby!
Aizul coils herself and waves her upper body at you.
You resist with some effort.
Aizul says, "Feeling sleepy?"
Aizul screams, "I'll haunt your nightmares!"
Aizul coils herself and waves her upper body at you.
You fall asleep.
Aizul hits you but does no damage. x4
Aizul hits you!!
You die...
Your body rises from the dead as a mindless zombie.

....#W#Z....#.##
..#.W#..####.#.####
###W.#Z...........## ###
#..#...#..##.#ZZ..## ##.#
##W..##..#..######..###...###
#..###...#....# #..##^.#...#
≈#...≈...#≈#..####.###....8.##
.≈#≈≈÷≈≈#≈...#.##Ss##..#.....####
..≈#.≈.#≈.......@#..#..#..#.....#
..≈≈.≈.≈≈....##..##s.#.##........
..≈.≈.≈.≈..##....#.#...###.#####.
≈≈≈≈≈.≈≈≈≈≈#.....#..#.####....#..
≈≈≈≈≈.≈≈≈≈≈#...##....#.....##....
..≈.≈.≈.≈..^#..Z####.....#..#..##
..≈≈.≈.≈≈....#.......#.##......#.
..≈#.≈.#≈....##...#.#######^##...
.≈#≈≈≈≈≈#≈....####...## ##....#..


You could see Aizul and a wolf spider.

Vanquished Creatures
  A quicksilver ooze (Lair:5)
  Josephine (D:13)
  Erolcha (D:9)
  An ogre mage (D:15)
  Fannar (D:12)
  4 vault guards (D:14)
  A centaur warrior (D:15)
  4 hydras
  2 boulder beetles
  9 death yaks
  3 two-headed ogres
  A tengu warrior (D:15)
  Sonja (D:13)
  A fire crab (Lair:6)
  3 skeletal warriors (D:15)
  An orb spider (Spider:1)
  A deep elf pyromancer (D:14)
  A wizard (D:14)
  8 ugly things
  3 cyclopes
  4 wolf spiders
  3 manticores
  An orc sorcerer (D:14)
  8 black mambas
  5 elephants (Lair:4)
  2 gargoyles (D:12)
  2 molten gargoyles (Lair:6)
  10 komodo dragons
  12 cane toads
  An efreet (D:15)
  A kobold demonologist (D:12)
  A freezing wraith (D:14)
  A yaktaur (D:15)
  2 demonic crawlers (Spider:1)
  7 trolls
  2 polar bears (Lair:6)
  A queen bee (Lair:3)
  2 hornets (Lair:3)
  3 meliai (D:12)
  5 jumping spiders (Spider:1)
  9 slime creatures
  15 dream sheep
  9 blink frogs
  2 shadows
  5 wyverns
  3 wraiths
  A ynoxinul (D:9)
  21 redbacks (Spider:1)
  2 water elementals (D:15)
  4 tarantellas (Spider:1)
  44 yaks
  Sigmund (D:2)
  A human (D:14)
  A yak (shapeshifter) (D:14)
  4 basilisks
  5 vampire mosquitoes
  3 steam dragons
  4 acid dragons
  A two-headed ogre zombie (D:10)
  4 hell hounds (Lair:6)
  A cane toad zombie (D:10)
  8 water moccasins
  6 black bears
  An ice beast (D:5)
  4 orc warriors
  A hornet zombie (D:9)
  A necrophage (D:5)
  A centaur (D:11)
  9 wolves
  2 ogres
  3 phantoms
  A kobold brigand (D:7)
  8 bullfrogs
  2 scorpions
  A gnoll sergeant (D:13)
  A wyvern zombie (D:8)
  A wyvern skeleton (D:6)
  A water moccasin skeleton (D:6)
  2 wights (D:8)
  29 killer bees
  4 electric eels
  3 howler monkeys
  A lava snake (Lair:6)
  A centaur skeleton (D:7)
  2 centaur zombies (D:4)
  4 hounds
  A jelly (D:5)
  An orc priest (D:8)
  A bullfrog skeleton (D:6)
  3 iguanas
  Ijyb (D:3)
  Natasha (twice) (D:2)
  Terence (D:3)
  9 orc wizards
  An ogre zombie (D:10)
  13 gnolls
  2 adders
  2 shadow imps
  A white imp (D:6)
  3 worms
  A dart slug (D:1)
  35 orcs
  5 endoplasms
  2 giant cockroaches
  2 goblins
  8 hobgoblins
  7 jackals
  4 quokkas
  7 ball pythons
  10 bats
  2 frilled lizards
  A goblin skeleton (D:10)
  A goblin zombie (D:10)
  A hobgoblin skeleton (D:10)
  A hobgoblin zombie (D:10)
  7 kobolds
  An orc skeleton (D:10)
  9 orc zombies (D:10)
  6 rats
  A spectral orc (D:9)
  A lurking horror (D:3)
511 creatures vanquished.

Vanquished Creatures (collateral kills)
  A dire elephant (D:15)
  Snorg (Lair:4)
  A vault guard (D:14)
  A boulder beetle (Lair:4)
  4 hydras
  2 centaur warriors (D:13)
  8 death yaks
  A wizard (D:14)
  2 lindwurms
  An orb spider (Spider:1)
  2 oklob plants (Lair:5)
  2 ugly things (D:14)
  A wolf spider (Lair:2)
  A manticore (D:14)
  A centaur zombie (D:6)
  2 elephants (Lair:4)
  3 black mambas
  11 cane toads
  4 rime drakes
  3 komodo dragons
  2 jumping spiders (Spider:1)
  A polar bear (Lair:6)
  A wind drake (Lair:3)
  14 blink frogs
  A wind drake (shapeshifter) (D:14)
  3 wraiths
  A human (D:14)
  8 yaks
  A basilisk (Lair:6)
  3 vampire mosquitoes
  A water moccasin (Lair:3)
  12 wolves
  5 bullfrogs
  2 killer bees (D:7)
  A wight (D:8)
  2 howler monkeys
  2 electric eels (Spider:1)
  4 lava snakes (Lair:6)
  An orc priest (D:10)
  2 orc wizards
  6 ogre zombies (D:10)
  2 gnolls (D:13)
  2 orcs
  2 goblin skeletons (D:10)
  A goblin zombie (D:10)
  A hobgoblin skeleton (D:10)
  A hobgoblin zombie (D:10)
  An orc skeleton (D:10)
  5 orc zombies (D:10)
  2 bushes (Lair:6)
142 creatures vanquished.

Vanquished Creatures (others)
  A phantasmal warrior (Spider:1)
  13 flying skulls
  2 wraiths (Lair:6)
  A bullfrog (Lair:5)
  2 wights
  A wolf spider zombie (Lair:2)
  2 ugly thing zombies (D:15)
  4 death yak zombies
  2 hydra zombies
  5 jumping spider zombies (Spider:1)
  12 redback zombies (Spider:1)
  2 tarantella zombies (Spider:1)
  A demonic crawler zombie (Spider:1)
  A mummy (Lair:3)
  2 orb spider zombies (Spider:1)
  A wind drake zombie (Lair:3)
  A gnoll (D:13)
  An ogre zombie (D:15)
  6 dream sheep zombies
  2 human skeletons (D:14)
  A tengu skeleton (D:15)
  7 black mamba zombies
  A vampire mosquito zombie (D:13)
  6 wolf zombies
  5 bullfrog zombies
  3 hell hound zombies (Lair:6)
  2 centaur zombies
  A hornet zombie (Lair:3)
  3 water moccasin zombies
  2 wyvern zombies
  14 blink frog zombies
  A fire crab zombie (Lair:6)
  7 komodo dragon zombies
  A lindwurm zombie (Lair:6)
  3 manticore zombies
  2 polar bear zombies (Lair:6)
  A troll zombie (D:12)
  2 two-headed ogre zombies
  15 yak zombies
  7 cane toad zombies
  A rime drake zombie (Lair:6)
  A kobold zombie (D:7)
  An adder zombie (D:6)
  A basilisk skeleton (Lair:6)
  A hound zombie (D:6)
  5 killer bee zombies
  4 orc zombies
  A steam dragon zombie (Lair:6)
  3 bushes (Lair:6)
  85 fungi
  88 plants
337 creatures vanquished.

Grand Total: 990 creatures vanquished

Notes
Turn   | Place    | Note
-------+----------+-------------------------------------------
     0 | D:1      | viper the Palentonga Fighter began the quest for the Orb.
     0 | D:1      | Reached XP level 1. HP: 19/19 MP: 1/1
   384 | D:1      | Reached XP level 2. HP: 25/25 MP: 2/2
   555 | D:1      | Found a faded altar of an unknown god.
  1307 | D:2      | Reached XP level 3. HP: 31/31 MP: 3/3
  1636 | D:2      | Reached XP level 4. HP: 39/39 MP: 4/4
  1996 | D:3      | Noticed Ijyb
  1999 | D:3      | Killed Ijyb
  2000 | D:3      | Reached XP level 5. HP: 44/44 MP: 5/5
  2124 | D:3      | Found a corrupted altar of Lugonu.
  2125 | D:3      | Found a one-way gate to the infinite horrors of the Abyss.
  2459 | D:2      | Noticed Natasha
  2461 | D:2      | You fall into a shaft and drop 1 floor!
  2539 | D:2      | Killed Natasha
  2708 | D:2      | Noticed Sigmund
  2722 | D:2      | Killed Sigmund
  2723 | D:2      | Reached skill level 3 in Axes
  2723 | D:2      | Reached skill level 1 in Dodging
  2723 | D:2      | Reached XP level 6. HP: 33/51 MP: 6/6
  3069 | D:3      | Noticed Terence
  3076 | D:3      | Killed Terence
  3092 | D:3      | Noticed a +0 short sword
  3092 | D:3      | Noticed a +0 dagger
  3092 | D:3      | Noticed a +0 dagger
  3092 | D:3      | Noticed a +0 spear
  3092 | D:3      | Noticed a +0 falchion
  3092 | D:3      | Noticed a +0 falchion
  3094 | D:3      | Noticed a +0 spear
  3095 | D:3      | Noticed a +0 short sword
  3097 | D:3      | Found a hide-covered altar of Uskayaw.
  3202 | D:3      | Found a white marble altar of Elyvilon.
  3241 | D:3      | Gained mutation: You are weak. (Str -2) [potion of
                  | mutation]
  3241 | D:3      | Gained mutation: Your flesh is cold resistant. (rC+)
                  | [potion of mutation]
  3241 | D:3      | Gained mutation: You are agile. (Dex +2) [potion of
                  | mutation]
  3427 | D:4      | Found a staircase to the Ecumenical Temple.
  3440 | Temple   | Entered the Ecumenical Temple
  3673 | Temple   | Became a worshipper of Yredelemnul the Dark
  3971 | D:4      | Found a broken altar of Ashenzari.
  4058 | D:4      | Gained mutation: You curl defensively after being hit.
                  | [Palentonga growth]
  4058 | D:4      | Reached XP level 7. HP: 54/57 MP: 7/7
  4283 | D:4      | Reached skill level 4 in Axes
  4345 | D:5      | Entered Level 5 of the Dungeon
  4924 | D:5      | Found a radiant altar of Vehumet.
  4967 | D:5      | Reached * piety under Yredelemnul
  5108 | D:5      | Reached skill level 5 in Axes
  5139 | D:5      | Found a blossoming altar of Fedhas.
  5341 | D:5      | Noticed a shadow
  5359 | D:5      | Killed a shadow
  5360 | D:5      | Reached XP level 8. HP: 42/65 MP: 8/8
  5869 | D:6      | Reached skill level 1 in Evocations
  5878 | D:6      | Reached skill level 6 in Axes
  5878 | D:6      | Reached skill level 5 in Armour
  5901 | D:6      | Noticed a troll
  5907 | D:6      | Killed a troll
  5908 | D:6      | Reached skill level 5 in Fighting
  5983 | D:6      | Found Foxeyxtoko's Distillery.
  6015 | D:6      | Reached skill level 1 in Invocations
  6078 | D:6      | Found a runed translucent gate.
  6082 | D:6      | Found a runed translucent gate.
  6082 | D:6      | Found a runed translucent gate.
  6084 | D:6      | Noticed Hydra2011's ghost (novice DsMo)
  6239 | D:6      | Found the +9 scales of the Dragon King {rPois rF+ rC+
                  | Will+}
  6324 | D:6      | Reached skill level 7 in Axes
  6324 | D:6      | Reached XP level 9. HP: 66/72 MP: 8/10
  6935 | D:7      | Identified the +2 dagger of Accord {freeze, Int+5 Dex+2}
  7023 | D:7      | Noticed a two-headed ogre
  7033 | D:7      | Killed a two-headed ogre
  7034 | D:7      | Reached skill level 8 in Axes
  7271 | D:7      | Identified the ring of Pimamp {rPois rF+ SInv}
  7319 | D:7      | Found a runed translucent door.
  7326 | D:7      | Noticed PeterMcNeter's ghost (novice OgTm)
  7478 | D:7      | Reached skill level 5 in Shields
  7826 | D:8      | Noticed a death yak
  7826 | D:8      | Found a staircase to the Lair.
  8051 | D:7      | Killed a death yak
  8052 | D:7      | Reached XP level 10. HP: 35/82 MP: 11/11
  8385 | D:8      | Reached ** piety under Yredelemnul
  8482 | D:8      | Reached skill level 9 in Axes
  8733 | D:8      | Noticed a two-headed ogre
  8743 | D:8      | Killed a two-headed ogre
  9425 | D:8      | Identified a scroll of acquirement
  9425 | D:8      | Acquired a +2 vorpal broad axe
  9450 | D:9      | Found Munt's Assorted Antiques.
  9458 | D:9      | Bought a wand of iceblast (12) for 120 gold pieces
  9487 | D:9      | Reached skill level 1 in Throwing
  9562 | D:9      | Found a stormy altar of Qazlal.
  9853 | D:9      | Found a hazy altar of Hepliaklqana.
 10059 | D:9      | Found a shimmering blue altar of Sif Muna.
 10064 | D:9      | Reached skill level 10 in Axes
 10159 | D:9      | Got Sif Muna's Handbook of Slime
 10164 | D:9      | Found a bloodstained altar of Trog.
 10384 | D:9      | Noticed Erolcha
 10400 | D:9      | Killed Erolcha
 10400 | D:9      | Reached *** piety under Yredelemnul
 10401 | D:9      | Reached XP level 11. HP: 69/89 MP: 13/13
 10583 | D:9      | Acquired 752 gold pieces
 10787 | D:10     | Entered Level 10 of the Dungeon
 11208 | D:10     | Found Pyirhay's Mayhem Merchandise.
 11517 | D:10     | Found a staircase to the Orcish Mines.
 11537 | D:10     | Received a gift from Yredelemnul (2 flying skulls)
 11864 | Lair:1   | Entered Level 1 of the Lair of Beasts
 11878 | Lair:1   | Reached **** piety under Yredelemnul
 12108 | Lair:1   | Reached skill level 11 in Axes
 12213 | Lair:1   | Received a gift from Yredelemnul (a wight)
 12818 | Lair:1   | Noticed a six-headed hydra
 12829 | Lair:1   | Killed a six-headed hydra
 13551 | Lair:2   | Found a hole to the Spider Nest.
 13552 | Lair:2   | Noticed a wolf spider
 13552 | Lair:2   | Noticed a wolf spider
 13556 | Lair:2   | Killed a wolf spider
 13559 | Lair:2   | Killed a wolf spider
 13890 | Lair:2   | Reached skill level 5 in Invocations
 13974 | Lair:2   | Reached skill level 12 in Axes
 13975 | Lair:2   | Reached XP level 12. HP: 92/100 MP: 15/15
 14434 | Lair:2   | Noticed a seven-headed hydra
 14456 | Lair:2   | HP: 5/100 [ten-headed hydra (1)]
 14457 | Lair:2   | Killed an 11-headed hydra
 15661 | Lair:3   | Found a staircase to the Shoals.
 15968 | Lair:3   | Reached ***** piety under Yredelemnul
 15969 | Lair:3   | Reached skill level 1 in Stealth
 15972 | Lair:3   | Paralysed by a hornet for 1 turns
 15973 | Lair:3   | Received a gift from Yredelemnul (a wight)
 16186 | Lair:3   | Reached skill level 13 in Axes
 16276 | Lair:3   | Noticed a seven-headed hydra
 16295 | Lair:3   | Killed a seven-headed hydra
 17244 | Lair:3   | Received a gift from Yredelemnul (a mummy)
 17594 | Lair:4   | Noticed an eight-headed hydra
 17597 | Lair:4   | Noticed a boulder beetle
 17599 | Lair:4   | Killed an eight-headed hydra
 17706 | Lair:4   | Noticed Snorg
 17724 | Lair:4   | Reached XP level 13. HP: 47/108 MP: 17/17
 18248 | Lair:4   | Received a gift from Yredelemnul (3 flying skulls)
 18489 | Lair:4   | Received a gift from Yredelemnul (a vampire)
 18606 | Lair:4   | Killed Snorg
 18849 | Lair:4   | You fall into a shaft and drop 1 floor!
 18914 | Lair:4   | You fall into a shaft and drop 2 floors!
 18914 | Lair:6   | Entered Level 6 of the Lair of Beasts
 18944 | Lair:6   | Reached skill level 14 in Axes
 19581 | Lair:5   | Received a gift from Yredelemnul (4 flying skulls)
 20256 | Lair:5   | Received a gift from Yredelemnul (a wraith)
 20545 | Lair:5   | Found a staircase to the Slime Pits.
 20892 | Lair:6   | Reached skill level 10 in Fighting
 20970 | Lair:6   | Received a gift from Yredelemnul (a wraith)
 21644 | Lair:5   | Reached XP level 14. HP: 83/117 MP: 19/19
 22415 | Lair:6   | Reached skill level 15 in Axes
 22531 | Lair:6   | Found a large runed translucent door.
 22532 | Lair:6   | Found a large runed translucent door.
 23037 | Lair:6   | Reached ****** piety under Yredelemnul
 24116 | D:12     | Received a gift from Yredelemnul (a skeletal warrior)
 24244 | D:12     | Found a white marble altar of Elyvilon.
 24435 | D:12     | Noticed mavignon's ghost (journeyman GrMo)
 24436 | D:12     | Found a runed translucent gate.
 24437 | D:12     | Found a runed translucent gate.
 24437 | D:12     | Found a runed translucent gate.
 24617 | D:2      | Noticed Natasha
 24622 | D:2      | Killed Natasha
 24996 | D:13     | Noticed Nessos
 25002 | D:13     | Reached skill level 10 in Armour
 25002 | D:13     | Noticed Josephine
 25969 | D:13     | Noticed Sonja
 25978 | D:13     | Killed Sonja
 25981 | D:13     | Received a gift from Yredelemnul (5 flying skulls)
 26014 | D:13     | Killed Josephine
 26048 | D:13     | Noticed Nessos
 26048 | D:13     | Nessos changed into Nessos the scorpion
 26053 | D:13     | Killed Nessos the scorpion
 27166 | D:12     | Noticed Fannar
 27177 | D:12     | Killed Fannar
 28071 | D:14     | Reached XP level 15. HP: 71/126 MP: 21/21
 28601 | D:14     | Found a gate to the Vaults.
 28882 | D:15     | Entered Level 15 of the Dungeon
 28926 | D:14     | Reached skill level 16 in Axes
 29454 | D:15     | Found a runed translucent gate.
 29499 | D:15     | Found a runed translucent gate.
 29499 | D:15     | Found an opulent altar of Gozag.
 29500 | D:15     | Noticed Uvinaotu's ghost (journeyman MiFi)
 29501 | D:15     | Found a runed translucent gate.
 29501 | D:15     | Found Ykosifo's Assorted Antiques.
 29501 | D:15     | Noticed a fire giant
 29502 | D:15     | Found Xoheqeb's Assorted Antiques.
 29700 | D:15     | Found Eguygra's Distillery.
 30220 | D:15     | Identified the +9 whip of Spores {venom, Dex+3}
 30649 | D:15     | Received a gift from Yredelemnul (a vampire)
 30766 | D:15     | Found a staircase to the Depths.
 31333 | Slime:1  | Entered Level 1 of the Pits of Slime
 31333 | Slime:1  | Noticed an acid blob
 31525 | Spider:1 | Entered Level 1 of the Spider Nest
 31637 | Spider:1 | Received a gift from Yredelemnul (a phantasmal warrior)
 32041 | Spider:1 | Noticed Roxanne
 32405 | Spider:1 | Reached skill level 10 in Shields
 32503 | Spider:1 | Noticed Aizul
 32541 | Spider:1 | Mangled by Aizul

Illustrated notes

Levels and vault maps discovered:
D:1:      roderic_crossed_star, layout_rooms,
          shapermc_ecumenical_altar_mp_highgroup
D:2:      minmay_door_path, layout_loops_cross, nrook_mini_vaults, uniq_natasha,
          uniq_sigmund
D:3:      layout_basic, mainiacjoe_overflow_alcove_2, nicolae_uskayaw_en_pointe,
          minivault_4, amcnicky_altar_lugonu_corruption, uniq_ijyb, uniq_terence
D:4:      layout_basic, mainiacjoe_overflow_cross_hatched,
          minmay_temple_entry_statues_fountains
D:5:      layout_basic, mainiacjoe_overflow_paths, mainiacjoe_overflow_boulevard
D:6:      layout_gridville, serial_shops, nicolae_lakefront_shop,
          gammafunk_ghost_necromancy, minmay_tree_intersection
D:7:      layout_loops_ring, gammafunk_ghost_grave
D:8:      layout_cave_pools, david_lair_generic, kennysheep_cross_room,
          nicolae_wwwww
D:9:      layout_irregular_city, nzn_overflow_gifts_of_might_and_magic,
          nicolae_qazlal_scattered_showers,
          nicolae_hepliaklqana_monster_ancestors, serial_shops, shop,
          nicolae_two_hexagons, uniq_erolcha
D:10:     layout_basic, zombieorc2_lemuel, hex_large, minmay_shop_mayhem
D:11:     layout_rooms
D:12:     layout_stronghold, gammafunk_ghost_split, elyvilon_altar_4,
          uniq_fannar
D:13:     layout_cave_pools, uniq_josephine, uniq_sonja, uniq_nessos
D:14:     layout_basic, grunt_vaults_entry_fortified, hangedman_decor_points,
          minmay_misc_feat_nine_boxes
D:15:     hangedman_depths_entry_try_elsewhere_first, layout_basic,
          serial_shops, shop, ebering_ghost_gozag, nicolae_water_bricks,
          minivault_11, st_stairs_5
Temple:   nicolae_temple_figure_eight
Lair:1:   layout_cave_shapes
Lair:2:   layout_cave_pods, spider_nest_entry_funnel_web
Lair:3:   cheibrodos_lair_overgrown_chateau, layout_cave_pods,
          minmay_shoals_entry_beasts, lightli_volcano_entry_magma_tube,
          special_room [special_room_bee]
Lair:4:   layout_cave_pods, beast_lair_carwin_10, uniq_snorg
Lair:5:   layout_roguey, minmay_slime_entry_oklob_enclosed
Lair:6:   cheibrodos_lair_end_hotspot, layout_loops_ring, portal_ice_cave_rime
Spider:1: layout_spider_delve, gammafunk_ghost_grave,
          nicolae_spider_webs_and_nodes, guppyfry_spider_mini_3, uniq_roxanne,
          uniq_aizul
Slime:1:  layout_caves

Skill      XL: |  1  2  3  4  5  6  7  8  9 10 11 12 13 14 15 |
---------------+----------------------------------------------+-----
Shields        | 3 4 5 6 7 8 9 10 | 10.0
Armour         | 3 4 5 6 7 8 9 10 | 10.8
Fighting       | 4 5 6 7 8 9 10 11 | 11.5
Axes           | 3 5 7 8 10 12 13 14 15 16 | 16.4
Dodging        | 1 2 |  2.4
Evocations     | 1 2 3 4 |  4.4
Invocations    | 1 2 3 5 6 8 |  8.5
Throwing       | 1 |  1.7
Stealth        | 1 |  1.6

Action                   |  1- 3 |  4- 6 |  7- 9 | 10-12 | 13-15 || total
-------------------------+-------+-------+-------+-------+-------++-------
Melee: War axe           |    75 |   139 |   235 |    83 |       ||   532
       Tailslap          |     4 |    17 |    37 |    78 |   154 ||   290
       Broad axe         |       |       |       |   455 |   853 ||  1308
Throw: Dart              |       |       |       |     9 |    12 ||    21
Invok: Animate Remains   |       |       |    11 |    21 |       ||    32
       Animate Dead      |       |       |       |    34 |    67 ||   101
       Drain Life        |       |       |       |       |     1 ||     1
Evoke: Wand              |     4 |     7 |    18 |    39 |    45 ||   113
  Use: Potion            |     2 |     4 |     4 |    11 |     9 ||    30
       Scroll            |     2 |     1 |     6 |     8 |    14 ||    31
 Stab: Distracted        |       |       |     1 |     6 |     8 ||    15
Armor: Scale mail        |    14 |       |       |       |       ||    14
       Ring mail         |    44 |    72 |    45 |       |       ||   161
       Chain mail        |       |       |    52 |       |       ||    52
       Gold dragon scale |       |       |   116 |   622 |   510 ||  1248
Dodge: Dodged            |    24 |    42 |    24 |    35 |    58 ||   183
Block: Kite shield       |    53 |    77 |   140 |   356 |   538 ||  1164
